 Dungeon Crawl Stone Soup version 0.29-a0-1027-gcd8c55af63 (webtiles) character file.

Game seed: 7054610015047358558

34868 Locuples the Severer (level 13, -14/125 HPs)
             Began as a Minotaur Fighter on Aug 12, 2022.
             Was the Champion of Okawaru.
             Demolished by Viumn's ghost (28 damage)
             ... on level 14 of the Dungeon.
             The game lasted 00:37:33 (12799 turns).

Locuples the Severer (Minotaur Fighter)            Turns: 12799, Time: 00:37:34

Health: -14/125    AC: 34    Str: 25    XL:     13   Next: 44%
Magic:  14/14      EV:  9    Int:  7    God:    Okawaru [******]
Gold:   197        SH:  0    Dex: 11    Spells: 12/12 levels left

rFire   . . .      SeeInvis +   A - +5 hand axe (elec)
rCold   . . .      Faith    .   Q - +3 kite shield
rNeg    + + .      Spirit   .   z - +7 plate armour of Depression {rN+ Int+2}
rPois   +          Reflect  .   (helmet restricted)
rElec   .          Harm     .   c - +2 cloak
rCorr   .          Rampage  .   D - +2 pair of gloves
Will    .....                   w - +0 pair of boots
Stlth   ..........              q - amulet of regeneration
HPRegen 1.10/turn               m - ring of see invisible
MPRegen 0.14/turn               y - ring of positive energy

@: confused, heroic, finesse-ful, ambrosia-drunk, invisible
A: horns 2, retaliatory headbutt, poison resistance
a: Renounce Religion, Heroism, Finesse, Duel


You were on level 14 of the Dungeon.
You worshipped Okawaru.
Okawaru was exalted by your worship.
You visited 1 branch of the dungeon, and saw 14 of its levels.
You also visited: Sewer.

You collected 1217 gold pieces.
You spent 1020 gold pieces at shops.

Inventory:

Hand Weapons
 A - a +5 hand axe of electrocution (weapon)
Missiles
 j - 2 throwing nets (quivered)
Armour
 c - a +2 cloak (worn)
 g - the +0 buckler of Hopscotch {Harm}
   (Okawaru gifted it to you on level 13 of the Dungeon)

   Harm:      It increases damage dealt and taken.
 w - a +0 pair of boots (worn)
 z - the +7 plate armour of Depression (worn) {rN+ Int+2}
   (You bought it in a shop on level 12 of the Dungeon)

   Int:       It affects your intelligence (+2).
   rN:        It protects you from negative energy.
 D - a +2 pair of gloves (worn)
 Q - a +3 kite shield (worn)
Jewellery
 a - a ring of protection from fire
 b - an amulet of magic regeneration
 m - a ring of see invisible (left hand)
 n - a ring of magical power
 q - an amulet of regeneration (around neck)
 y - a ring of positive energy (right hand)
 F - a +4 ring of protection
 N - a ring of willpower
 P - a ring of positive energy
Wands
 d - a wand of charming (2)
 e - a wand of acid (5)
 p - a wand of polymorph (3)
 C - a wand of mindburst (49)
 L - a wand of flame (15)
Scrolls
 f - 5 scrolls of amnesia
 l - a scroll of brand weapon {unknown}
 o - a scroll of enchant weapon
 r - 2 scrolls of teleportation
 t - a scroll of blinking
 v - 2 scrolls of poison
 x - 2 scrolls of magic mapping
 E - a scroll of butterflies
 H - 4 scrolls of fear
 J - a scroll of summoning
Potions
 h - a potion of curing
 i - 2 potions of brilliance
 k - a potion of cancellation {unknown}
 u - 2 potions of mutation
 G - a potion of experience {unknown}
 K - 4 potions of lignification


   Skills:
 * Level 14.8(19.8) Fighting
 * Level 16.6(21.6) Axes
 + Level 12.7(17.7) Armour
 + Level 11.9(16.9) Shields
 + Level 3.1 Invocations


You had 12 spell levels left.
You didn't know any spells.
Your spell library contained the following spells:

 Spells                   Type           Power      Damage    Failure   Level
 Necrotise                Necr           0%         1d4       99%         1
 Shock                    Conj/Air       0%         1d3       99%         1
 Poisonous Vapours        Pois/Air       0%         N/A       100%        2
 Sublimation of Blood     Necr           0%         N/A       100%        2
 Swiftness                Air            0%         N/A       100%        3
 Vampiric Draining        Necr           0%         2d6       100%        3
 Airstrike                Air            0%         2d(0-16)  100%        4
 Corpse Rot               Necr/Pois/Air  0%         N/A       100%        4
 Dispel Undead            Necr           0%         3d6       100%        4
 Fulminant Prism          Conj/Hex       0%         3d6       100%        4
 Iskenderun's Mystic Bla  Conj/Tloc      0%         2d3       100%        4
 Petrify                  Tmut/Erth      0%         N/A       100%        4
 Agony                    Necr           0%         N/A       100%        5
 Irradiate                Conj/Tmut      0%         3d11      100%        5
 Lee's Rapid Deconstruct  Erth           0%         3d5*      100%        5
 Death Channel            Necr           Unusable   N/A       N/A         6

Dungeon Overview and Level Annotations

Branches:
Dungeon (14/15)            Temple (0/1) D:7            Lair (0/5) D:10
    Orc (0/2) D:10         Vaults (0/5) D:14          Sewer (visited)

Altars:
Elyvilon
Fedhas
Gozag
Kikubaaqudgha
Makhleb
Nemelex Xobeh
Okawaru
Qazlal
Ru
Trog
Uskayaw
Vehumet
Wu Jian
The Shining One

Shops:
D:1 :   D:7 *(   D:8 (?(*[   D:12 ?![**   D:13 *([(*

Annotations:
D:14 Viumn's ghost, adept MiBe


Innate Abilities, Weirdness & Mutations

You have a pair of horns on your head.
You reflexively headbutt those who attack you in melee.
Your system is resistant to poisons. (rPois)


Message History

You hit the manticore but do no damage. You slice the manticore!!
You kill the manticore!
Okawaru accepts your kill.
You barely miss the troll. You closely miss Viumn's ghost.
You closely miss the troll. You headbutt the troll.
The troll is lightly wounded.
You closely miss Viumn's ghost. You block the troll's attack.
The troll closely misses you. The troll claws you! Viumn's ghost hits you!!
* * * LOW HITPOINT WARNING * * *
Viumn's ghost burns you.
* * * LOW HITPOINT WARNING * * *
You are confused.
You feel invigorated. The skeletal warrior barely misses you.
The troll bites you but does no damage. The troll barely misses you.
The troll claws you but does no damage. Viumn's ghost hits you!
* * * LOW HITPOINT WARNING * * *
Viumn's ghost burns you.
* * * LOW HITPOINT WARNING * * *
You hit the skeletal warrior but do no damage.
You headbutt the skeletal warrior, but do no damage.
You miss the troll. You hit Viumn's ghost but do no damage.
You closely miss the troll. Your headbutt misses the troll.
The troll is lightly wounded.
You barely miss Viumn's ghost. You barely miss the skeletal warrior.
You hit the skeletal warrior but do no damage.
You hit the troll. You hit Viumn's ghost but do no damage.
The skeletal warrior hits you but does no damage.
The troll bites you but does no damage. The troll closely misses you.
The troll claws you.
* * * LOW HITPOINT WARNING * * *
Viumn's ghost hits you!
* * * LOW HITPOINT WARNING * * *
Viumn's ghost burns you.
* * * LOW HITPOINT WARNING * * *
You fade into invisibility!
The skeletal warrior barely misses you. The troll barely misses you.
The troll claws you but does no damage. The troll barely misses you.
Viumn's ghost hits you!!
You die...

#.###......####...............#
#.###<.##.##........###.......#
...###.##.##.###.#.[.##.......#
........#.##.....#.#.##.......#
.#####..#.##..####.#.##.......#
..#.....#.....................#
.................#...##.......#
.....<..###...........#.......#
#.#..#......###W@(###.<####..##
............#..†zT..#.....##.#
..........#.#.#..##.#.###.##.####
>........#..#.#.....#.###.##.....
............#.#.#.###......##..P.
.....>......#.#...# #....#.#....P
..#.......#.##.|??.##............
#.##..#.#.#.#..#z#.W#......P.....
#.#...#.....#########.........#).


You could see a skeletal warrior (unable to see you), a troll (unable to see
you) and Viumn's ghost.

Vanquished Creatures
  A slime creature (D:13)
  An ironbound preserver (D:14)
  A minotaur (D:14)
  A rakshasa (D:9)
  A boulder beetle (D:13)
  The ghost of hackon the Poker, a novice OgFE of Vehumet (D:9)
  7 centaur warriors
  3 two-headed ogres
  A tengu warrior (D:14)
  8 skeletal warriors (D:13)
  2 wizards (D:14)
  Pikel (D:4)
  A deep elf pyromancer (D:14)
  2 ugly things
  6 cyclopes
  4 manticores
  Maurice (D:10)
  A gargoyle (D:14)
  An unseen horror (D:11)
  A freezing wraith (D:14)
  2 efreet
  2 kobold demonologists (D:9)
  2 tengu conjurers (D:14)
  4 trolls
  Prince Ribbit (D:8)
  A hornet (D:11)
  A centaur simulacrum (D:14)
  9 yaks
  5 wraiths
  A water elemental (D:11)
  12 vampire mosquitoes (D:13)
  A basilisk (D:14)
  A wyvern (D:7)
  2 steam dragons (D:9)
  Duvessa (D:7)
  3 acid dragons
  4 water moccasins
  2 orc warriors
  Pargi (Sewer)
  An ice beast (D:7)
  A black bear (D:10)
  3 ogres
  17 centaurs
  4 lemures (D:4)
  2 kobold brigands (D:8)
  3 phantoms
  2 gnoll sergeants
  6 bullfrogs
  A necrophage (D:5)
  A scorpion (D:6)
  9 wights
  Dowan (D:7)
  3 howler monkeys
  3 electric eels
  2 jellies
  4 hounds
  2 orc priests
  3 iguanas
  8 orc wizards
  10 gnolls
  4 adders
  3 shadow imps
  2 white imps
  6 worms
  5 dart slugs
  27 orcs
  2 endoplasms (D:1)
  7 giant cockroaches
  6 hobgoblins
  9 jackals
  13 quokkas
  15 ball pythons
  5 bats
  5 frilled lizards
  10 goblins
  27 kobolds
  A rat (D:1)
333 creatures vanquished.

Vanquished Creatures (others)
  A catoblepas (D:14)
  A centaur warrior (D:14)
  18 fungi (D:10)
  42 plants
  3 withered plants (D:14)
65 creatures vanquished.

Grand Total: 398 creatures vanquished

Notes
Turn   | Place    | Note
-------+----------+-------------------------------------------
     0 | D:1      | Locuples the Minotaur Fighter began the quest for the Orb.
     0 | D:1      | Reached XP level 1. HP: 19/19 MP: 0/0
    70 | D:1      | Reached XP level 2. HP: 19/27 MP: 1/1
   556 | D:1      | Reached skill level 3 in Axes
   559 | D:1      | Reached XP level 3. HP: 33/33 MP: 2/2
   681 | D:1      | Found Tehobb's Book Emporium.
   832 | D:1      | Found a faded altar of an unknown god.
   851 | D:1      | Prayed at the altar of an unknown god.
   851 | D:1      | Became a worshipper of Vehumet
   851 | D:1      | Reached * piety under Vehumet
   851 | D:1      | Offered knowledge of Shock by Vehumet.
  2114 | D:3      | Reached XP level 4. HP: 40/40 MP: 3/3
  2196 | D:3      | Offered knowledge of Sandblast by Vehumet.
  2253 | D:3      | Reached skill level 4 in Axes
  2372 | D:3      | Reached ** piety under Vehumet
  2860 | D:4      | Found a blossoming altar of Fedhas.
  2864 | D:4      | Reached XP level 5. HP: 47/47 MP: 4/4
  2865 | D:4      | Noticed a phantom
  2884 | D:4      | Killed a phantom
  2885 | D:4      | Reached skill level 5 in Axes
  2950 | D:4      | Noticed a lemure
  2954 | D:4      | Noticed a lemure
  2956 | D:4      | Noticed a lemure
  2961 | D:4      | Noticed a lemure
  2967 | D:4      | Killed a lemure
  2974 | D:4      | Killed a lemure
  2977 | D:4      | Killed a lemure
  2985 | D:4      | Killed a lemure
  3009 | D:4      | Reached XP level 6. HP: 53/55 MP: 5/5
  3051 | D:4      | Noticed Pikel
  3070 | D:4      | Killed Pikel
  3071 | D:4      | Reached skill level 5 in Fighting
  3071 | D:4      | Reached skill level 7 in Axes
  3071 | D:4      | Reached skill level 5 in Armour
  3071 | D:4      | Reached XP level 7. HP: 46/62 MP: 6/6
  3090 | D:4      | Found a white marble altar of Elyvilon.
  3140 | D:4      | Offered knowledge of Poisonous Vapours by Vehumet.
  3203 | D:4      | Reached skill level 5 in Shields
  3367 | D:5      | Entered Level 5 of the Dungeon
  3372 | D:5      | Reached skill level 8 in Axes
  3395 | D:5      | Gained mutation: Your system is resistant to poisons.
                  | (rPois) [potion of mutation]
  3488 | D:5      | Reached XP level 8. HP: 60/70 MP: 7/7
  3600 | D:5      | Reached *** piety under Vehumet
  3779 | D:5      | Reached skill level 9 in Axes
  4234 | D:6      | Found an iron altar of Okawaru.
  4306 | D:6      | Fell from the grace of Vehumet
  4306 | D:6      | Became a worshipper of Warmaster Okawaru
  4504 | D:6      | Found a glowing drain.
  4536 | Sewer    | Entered a sewer
  4590 | Sewer    | Noticed Pargi
  4599 | Sewer    | Killed Pargi
  4600 | Sewer    | Reached skill level 10 in Axes
  5639 | D:7      | Found a stormy altar of Qazlal.
  5695 | D:7      | Found Nassob's Firing Range.
  5702 | D:7      | Reached XP level 9. HP: 74/79 MP: 8/8
  5737 | D:7      | Noticed Duvessa
  5752 | D:7      | Killed Duvessa
  5753 | D:7      | Noticed Dowan
  5756 | D:7      | Killed Dowan
  5756 | D:7      | Reached * piety under Okawaru
  5824 | D:7      | Reached skill level 11 in Axes
  5824 | D:7      | Found an ancient bone altar of Kikubaaqudgha.
  5928 | D:7      | Found Aleeqok's Assorted Antiques.
  5931 | D:7      | Bought a scroll of identify for 62 gold pieces
  6376 | D:7      | Found a staircase to the Ecumenical Temple.
  6514 | D:8      | Found Bucyedest's Weapon Emporium.
  6514 | D:8      | Found a burning altar of Makhleb.
  6573 | D:8      | Noticed Prince Ribbit
  6582 | D:8      | Killed Prince Ribbit
  6681 | D:8      | Found Ussaoxti's Magic Scroll Shop.
  6691 | D:8      | Bought a scroll of identify for 24 gold pieces
  6691 | D:8      | Bought a scroll of identify for 24 gold pieces
  6691 | D:8      | Bought a scroll of identify for 24 gold pieces
  6777 | D:8      | Found Lann's Weapon Emporium.
  6939 | D:8      | Found a glowing golden altar of the Shining One.
  6939 | D:8      | Found an opulent altar of Gozag.
  7001 | D:8      | Reached skill level 12 in Axes
  7043 | D:8      | Found an ornate altar of the Wu Jian Council.
  7067 | D:8      | Found Xuiter's Armour Boutique.
  7169 | D:8      | Found Taositeg's Assorted Antiques.
  7253 | D:8      | Reached ** piety under Okawaru
  7741 | D:9      | Noticed a centaur warrior
  7742 | D:9      | Noticed a rakshasa
  7752 | D:9      | Killed a rakshasa
  7753 | D:9      | Reached XP level 10. HP: 90/90 MP: 6/9
  7757 | D:9      | Killed a centaur warrior
  7758 | D:9      | Reached skill level 13 in Axes
  7962 | D:9      | Reached *** piety under Okawaru
  8075 | D:9      | Found a runed translucent gate.
  8076 | D:9      | Found a runed translucent gate.
  8077 | D:9      | Found a runed translucent gate.
  8077 | D:9      | Found an opulent altar of Gozag.
  8079 | D:9      | Noticed a two-headed ogre
  8080 | D:9      | Noticed hackon's ghost (novice OgFE)
  8219 | D:9      | Reached skill level 10 in Fighting
  8230 | D:9      | Reached skill level 14 in Axes
  8314 | D:9      | Killed a two-headed ogre
  8314 | D:9      | Reached **** piety under Okawaru
  8327 | D:9      | Killed hackon's ghost
  8328 | D:9      | Reached XP level 11. HP: 92/101 MP: 8/10
  8460 | D:10     | Entered Level 10 of the Dungeon
  8552 | D:10     | Found a staircase to the Orcish Mines.
  8676 | D:10     | Reached ***** piety under Okawaru
  8678 | D:10     | Found a sacrificial altar of Ru.
  8678 | D:10     | Noticed Maurice
  8689 | D:10     | Killed Maurice
  8744 | D:10     | Reached skill level 10 in Armour
  8755 | D:10     | Found a staircase to the Lair.
  8865 | D:10     | Found a bloodstained altar of Trog.
  8944 | D:10     | Found a sparkling altar of Nemelex Xobeh.
  9125 | D:11     | Noticed a two-headed ogre
  9137 | D:11     | Killed a two-headed ogre
  9138 | D:11     | Reached skill level 15 in Axes
  9138 | D:11     | Reached skill level 1 in Invocations
  9199 | D:11     | Noticed a brown ugly thing
  9209 | D:11     | Killed a brown ugly thing
  9259 | D:11     | Noticed a +0 short sword
  9260 | D:11     | Noticed a +0 falchion
  9260 | D:11     | Noticed a +0 falchion
  9260 | D:11     | Noticed a +0 spear
  9261 | D:11     | Noticed a +0 short sword
  9262 | D:11     | Noticed a +0 spear
  9262 | D:11     | Noticed a +0 dagger
  9286 | D:11     | Found a hide-covered altar of Uskayaw.
  9577 | D:11     | Noticed a two-headed ogre
  9588 | D:11     | Killed a two-headed ogre
  9713 | D:11     | Noticed a +0 dagger
 10172 | D:12     | Found Ciwko's Antique Armour Emporium.
 10176 | D:12     | Bought a jewelled plate armour for 672 gold pieces
 10176 | D:12     | Identified the +7 plate armour of Depression {rN+ Int+2}
                  | (You bought it in a shop on level 12 of the Dungeon)
 10189 | D:12     | Bought a pair of embroidered gloves for 180 gold pieces
 10320 | D:12     | Found Lahugiosu's Distillery.
 10328 | D:12     | Found Yllamoc's Assorted Antiques.
 10468 | D:12     | Received a gift from Okawaru
 10684 | D:12     | Found Amaab's Magic Scroll Emporium.
 10693 | D:12     | Bought a scroll of identify for 34 gold pieces
 10818 | D:12     | Found Gutan's General Store.
 10918 | D:13     | Noticed a centaur warrior
 10920 | D:13     | Noticed a centaur warrior
 10931 | D:13     | Killed a centaur warrior
 10932 | D:13     | Reached XP level 12. HP: 112/112 MP: 8/11
 10936 | D:13     | Killed a centaur warrior
 11203 | D:13     | Found Nemu's Weapon Emporium.
 11315 | D:13     | Noticed a centaur warrior
 11321 | D:13     | Reached ****** piety under Okawaru
 11322 | D:13     | Reached skill level 10 in Shields
 11326 | D:13     | Identified the +0 buckler of Hopscotch {Harm} (Okawaru
                  | gifted it to you on level 13 of the Dungeon)
 11326 | D:13     | Received a gift from Okawaru
 11335 | D:13     | Killed a centaur warrior
 11352 | D:13     | Found Vegroany's Antique Weapon Boutique.
 11441 | D:13     | Was forgiven by Vehumet
 11471 | D:13     | Found Tikiobul's General Store.
 11545 | D:13     | Found Tousoan's Assorted Antiques.
 11635 | D:13     | Reached skill level 16 in Axes
 11736 | D:13     | Found Lobbodug's Antique Armour Shop.
 11740 | D:13     | Identified the +0 plate armour "Poubbal" {-Tele Drain rElec
                  | rC+++}
 11776 | D:13     | Noticed a boulder beetle
 11795 | D:13     | Killed a boulder beetle
 12025 | D:14     | Noticed a centaur warrior
 12032 | D:14     | Killed a centaur warrior
 12091 | D:14     | Noticed an ironbound preserver
 12110 | D:14     | Killed an ironbound preserver
 12111 | D:14     | Reached XP level 13. HP: 120/124 MP: 13/13
 12129 | D:14     | Found a runed translucent gate.
 12129 | D:14     | Found a runed translucent gate.
 12129 | D:14     | Found a runed translucent gate.
 12131 | D:14     | Noticed a minotaur
 12131 | D:14     | Noticed Viumn's ghost (adept MiBe)
 12170 | D:14     | Identified the +1 dagger of Corruption {drain, Str-5 Dex+3
                  | SInv}
 12225 | D:14     | Found an ancient bone altar of Kikubaaqudgha.
 12390 | D:14     | Found a gate to the Vaults.
 12790 | D:14     | Killed a minotaur
 12790 | D:14     | Identified the +4 scale mail of the Thinker {rElec Dex+2}
                  | (Okawaru gifted it to you on level 14 of the Dungeon)
 12790 | D:14     | Received a gift from Okawaru
 12799 | D:14     | Demolished by Viumn's ghost

Illustrated notes

Levels and vault maps discovered:
D:1:      eino_arrival_cavern_e, layout_basic, serial_shops, shop,
          nicolae_ecumenical_snake_handling, minmay_misc_feat_encased,
          nicolae_wormholes
D:2:      layout_basic
D:3:      layout_loops_cross, hangedman_decor_diamond_cutter, chequers_garden,
          nrook_campfire, chequers_serial_rivers_large_b
D:4:      layout_gridville, lemuel_tele_altar, marbit_many_paths,
          minmay_misc_feat_tower, kennysheep_generic_room_10, uniq_pikel
D:5:      layout_basic, kennysheep_potato
D:6:      layout_layer_cave, mainiacjoe_overflow_paths, portal_sewer_entry_f,
          hangedman_glass_teeth
D:7:      layout_loops_ring, nicolae_overflow_crystal_walls,
          mainiacjoe_overflow_small_starburst, minmay_temple_entry_offerings,
          serial_shops, kennysheep_mini, chequers_serial_rivers_micro_a,
          serial_park_tiny_pond, nicolae_shop_firing_range, uniq_duvessa
D:8:      layout_loops_ring, mainiacjoe_overflow_tiny_flanked,
          mainiacjoe_overflow_24_doors, nicolae_overflow_two_pavilions,
          serial_shops, nicolae_lakefront_shop, nicolae_shop_behind_doors,
          nicolae_shop_advertising_works [nicolae_subvault_shop_adworks],
          nicolae_shop_hallway_plus, shop, uniq_prince_ribbit1
D:9:      layout_roguey, ebering_ghost_gozag, serial_curves, eino_curves_02,
          eino_curves_04
D:10:     layout_rooms, nicolae_ru_great_annihilating_truth,
          nemelex_altar_shiori, old_standard_altar,
          grunt_lair_entry_orc_guard_hut, uniq_maurice
D:11:     layout_stronghold, serial_bayou, serial_bayou_pond_e,
          serial_bayou_ford_a, serial_bayou_crossing, serial_bayou_lagoon_a,
          nicolae_uskayaw_en_pointe
D:12:     layout_roguey, serial_shops, nicolae_shop_stone,
          nicolae_shop_hallway_stairs, nicolae_shop_behind_doors, shop,
          shop_scrolls
D:13:     layout_loops_ring, serial_shops, nicolae_shop_window_shopping,
          nicolae_take_the_stairs, nicolae_diamond_shop, shop,
          kennysheep_mini_moat
D:14:     layout_rooms, skrybe_vaults_entry_preservation,
          kiku_gazebo_garden_becter, maelrawn_ghost_gauntlet_escape,
          gauntlet_entry_generic

Skill      XL: |  1  2  3  4  5  6  7  8  9 10 11 12 13 |
---------------+----------------------------------------+-----
Shields        | 4 5 6 8 11 | 11.9
Armour         | 4 5 6 8 9 11 12 | 12.7
Fighting       | 4 5 6 7 8 10 12 14 | 14.8
Axes           | 3 4 5 7 8 10 12 14 15 16 | 16.6
Invocations    | 1 2 3 |  3.1

Action                   |  1- 3 |  4- 6 |  7- 9 | 10-12 | 13-15 || total
-------------------------+-------+-------+-------+-------+-------++-------
Melee: War axe           |    96 |   115 |    42 |       |       ||   253
       Headbutt          |    10 |    14 |    40 |   140 |    21 ||   225
       Hand axe          |       |       |   233 |   467 |    93 ||   793
Invok: Heroism           |       |       |     2 |    13 |     4 ||    19
       Finesse           |       |       |       |     1 |     3 ||     4
  Use: Scroll            |     2 |       |    10 |    15 |     3 ||    30
       Potion            |       |     2 |     4 |     4 |     6 ||    16
 Stab: Confused          |       |       |     1 |       |       ||     1
       Paralysed         |       |       |       |     1 |       ||     1
       Distracted        |       |       |       |     1 |       ||     1
       Invisible         |       |       |       |       |     4 ||     4
       Petrified         |       |       |       |       |     4 ||     4
Armor: Scale mail        |    56 |    81 |    88 |    13 |       ||   238
       Plate armour      |       |       |       |   237 |    82 ||   319
Dodge: Dodged            |    69 |    46 |    92 |   105 |    35 ||   347
Block: Buckler           |    39 |    44 |    54 |    35 |       ||   172
       Kite shield       |       |       |       |   223 |    92 ||   315

Table legend: (Time is in decaauts)
 A = Elapsed time spent in this place.
 B = Non-inter-level travel time spent in this place.
 C = Inter-level travel time spent in this place.
 D = Time resting spent in this place.
 E = Time spent auto-exploring this place.
 F = Levels seen in this place.
 G = Mean time per level.
                   A        B        C        D        E       F      G
               +--------+--------+--------+--------+--------+-----+--------+
         Total |  12772 |  12135 |    637 |    612 |   8705 |  15 |  851.5 |
       Dungeon |  12617 |  11980 |    637 |    612 |   8617 |  14 |  901.2 |
         Sewer |    155 |    155 |      0 |      0 |     87 |   1 |  155.0 |
               +--------+--------+--------+--------+--------+-----+--------+

Top non-repeatable levels by time:
     D:6: 1326 daAuts
    D:13: 1094 daAuts
     D:2: 1074 daAuts
    D:11: 1073 daAuts
     D:8: 1064 daAuts
     D:1: 1028 daAuts
     D:7: 974 daAuts
     D:9: 852 daAuts
     D:3: 789 daAuts
    D:14: 756 daAuts
     D:5: 692 daAuts
    D:12: 692 daAuts
    D:10: 623 daAuts
     D:4: 573 daAuts
   Sewer: 155 daAuts
